 Dungeon Crawl Stone Soup version 0.27-a0-1071-ga85bd9520d (webtiles) character file.

Game seed: 8438173642387389785

7506 1player the Nimble (level 11, -4/93 HPs)
             Began as an Octopode Transmuter on Apr 24, 2021.
             Was a Believer of Wu Jian.
             Slain by a death yak (6 damage)
             ... on level 10 of the Dungeon.
             The game lasted 00:31:39 (10405 turns).

1player the Nimble (Octopode Transmuter)           Turns: 10405, Time: 00:31:39

Health: -4/93      AC:  6    Str: 10    XL:     11   Next: 16%
Magic:  12/14      EV: 13    Int: 18    God:    Wu Jian [**....]
Gold:   611        SH:  0    Dex: 13    Spells: 5/14 levels left

rFire    x . .     SeeInvis .     - Unarmed
rCold    + + +     Faith    .   (shield currently unavailable)
rNeg     + . .     Spirit   .   (helmet currently unavailable)
rPois    +         Reflect  .   q - amulet of regeneration
rElec    .         Harm     .   b - +4 ring of slaying
rCorr    +         Rampage  .   E - ring of resist corrosion
Will     .....                  H - ring of positive energy
Stlth    +++.......             (no ring)
HPRegen  1.25/turn              (no ring)
MPRegen  0.14/turn              (no ring)
                                (no ring)
                                (no ring)

@: mighty, about to teleport, ice-form, slowed, very slow
A: freezing attack, boosted hp, almost no armour, amphibious, 8 rings, large,
(camouflage 1), (gelatinous body 1), (nimble swimmer 1), (tentacles)
a: End Transformation, Renounce Religion, Wall Jump


You were on level 10 of the Dungeon.
You worshipped Wu Jian.
Wu Jian was pleased with you.
You were a creature of crystalline ice.
You visited 2 branches of the dungeon, and saw 11 of its levels.
You also visited: Bailey.

You collected 611 gold pieces.

Inventory:

Hand Weapons
 C - the +8 spear of Uncomfortable Rashes {vorpal, *Rage rPois Int+3}
   (You found it on level 9 of the Dungeon)

   It inflicts extra damage upon your enemies.
   It affects your intelligence (+3).
   It protects you from poison.
   It may make you go berserk in combat.
 I - the +6 hand crossbow of Filigreed Fortitude {flame, Contam rElec rPois Str+6}
   (You found it on level 10 of the Dungeon)

   It causes projectiles fired from it to burn those they strike, causing extra
   injury to most foes and up to half again as much damage against particularly
   susceptible opponents.
   It affects your strength (+6).
   It insulates you from electricity.
   It protects you from poison.
   It causes magical contamination when unequipped.
Missiles
 l - 6 javelins
 u - 4 curare-tipped darts
 v - 35 poisoned darts
 F - 3 boomerangs of dispersal
 K - a throwing net
Jewellery
 b - a +4 ring of slaying (left front paw)
 q - an amulet of regeneration (around neck)
 A - an amulet of reflection
 E - a ring of resist corrosion (right front paw)
 H - a ring of positive energy (on tentacle)
Wands
 s - a wand of flame (56)
 D - a wand of mindburst (14)
Scrolls
 c - a scroll of teleportation
 d - 2 scrolls of amnesia
 h - 2 scrolls of holy word
 y - 2 scrolls of immolation
 J - a scroll of silence {unknown}
Potions
 f - a potion of flight
 i - a potion of attraction
 n - 3 potions of mutation {!q}
 B - a potion of cancellation {unknown}
 L - a potion of lignification {unknown}
Miscellaneous
 G - a lightning rod (4/4)


   Skills:
 + Level 8.8 Fighting
 + Level 9.1 Dodging
 - Level 6.0 Stealth
 - Level 8.0 Unarmed Combat
 - Level 2.0 Spellcasting
 - Level 6.0 Transmutations
 - Level 4.0 Ice Magic
 + Level 2.8 Air Magic


You had 5 spell levels left.
You knew the following spells:

 Your Spells              Type           Power      Damage    Failure   Level
e - Ice Form              Ice/Tmut       19%        N/A       22%         4
w - Spider Form           Tmut/Pois      6%         N/A       16%         3
z - Wereblood             Tmut           23%        N/A       2%          2

Your spell library contained the following spells:

 Spells                   Type           Power      Damage    Failure   Level
 Beastly Appendage        Tmut           46%        N/A       1%          1
 Freeze                   Ice            64%        1d8       3%          1
 Shock                    Conj/Air       24%        1d4       10%         1
 Frozen Ramparts          Ice            32%        1d5       11%         3
 Ozocubu's Armour         Ice            16%        N/A       11%         3
 Static Discharge         Conj/Air       6%         N/A       16%         2
 Swiftness                Air            12%        N/A       17%         3
 Hydra Form               Tmut           11%        N/A       38%         5
 Airstrike                Air            6%         N/A       50%         4
 Hailstorm                Conj/Ice       9%         3d4       61%         4
 Metabolic Englaciation   Hex/Ice        4%         N/A       91%         5
 Lightning Bolt           Conj/Air       3%         1d14      95%         5
 Bolt of Magma            Conj/Fire/Erth 0%         4d4       99%         5
 Iskenderun's Battlesphe  Conj           1%         2d6       99%         5
 Iron Shot                Conj/Erth      0%         9d1       100%        6
 Orb of Destruction       Conj           0%         N/A       100%        7
 Spellforged Servitor     Conj/Summ      0%         N/A       100%        7


Dungeon Overview and Level Annotations

Branches:
Dungeon (10/15)            Temple (1/1) D:6            Lair (0/6) D:10
 Bailey (visited)
    Orc: D:9-12

Altars:
Ashenzari
Cheibriados
Dithmenos
Elyvilon
Fedhas
Gozag
Hepliaklqana
Kikubaaqudgha
Makhleb
Nemelex Xobeh
Okawaru
Qazlal
Ru
Sif Muna
Trog
Uskayaw
Vehumet
Wu Jian
Xom
Yredelemnul
Zin
The Shining One

Shops:
D:1 ([(:

Annotations:
D:6 exclusion: acid dragon, Maggie
D:8 2 transporters, Joseph; ma3's ghost, novice OpTm
D:10 Erolcha


Innate Abilities, Weirdness & Mutations

You are a creature of crystalline ice.
You have a powerful freezing melee attack.
Your maximum health is increased.
Your armour is entirely melded.
You are incapable of wielding weapons or throwing items.
You cannot wear most types of armour.
You are amphibious.
You can wear up to eight rings at the same time.
((Your skin changes colour to match your surroundings (Stealth+).))
((Your rubbery body absorbs attacks. (AC +1, EV +1)))
((You are camouflaged near water. (Stealth+)))
((You have tentacles for arms and can constrict up to eight enemies at once.))


Message History

The death yak is heavily wounded.
You hit the death yak. You freeze the death yak.
The death yak is heavily wounded.
The death yak gores you!!
You spin and attack the death yak.
You punch the death yak! You freeze the death yak.
The death yak is severely wounded.
The death yak gores you!!
A wraith comes into view.
You punch the death yak! You freeze the death yak.
The death yak is almost dead.
The death yak gores you!
You punch the death yak! You freeze the death yak.
You kill the death yak!
The Council accepts your kill.
Your Dodging skill increases to level 9!
You punch the wraith! You freeze the wraith.
The wraith is heavily damaged.
You hit the wraith. You freeze the wraith.
The wraith is heavily damaged.
The wraith hits you. The wraith drains your vigour!
You feel yourself slow down. The death yak completely misses you.
Unknown command.
Okay, then.
Okay, then.
As you read the scroll of teleportation, it crumbles to dust.
You feel strangely unstable. The wraith hits you!
The wraith drains your vigour!
You feel as though you will be slow longer.
The death yak gores you!!
* * * LOW HITPOINT WARNING * * *
The wraith hits you.
* * * LOW HITPOINT WARNING * * *
The wraith drains your vigour!
You feel as though you will be slow longer.
You feel very mighty all of a sudden. The death yak barely misses you.
The wraith closely misses you. The death yak gores you.
You die...

.................................
...........###........######.....
###...####.# #........# #..###
#...# #.# #..####### #..# #...#
#.###..############..#
###...####.................[..#
...<.[[[......................###
.)...########........(...........
..)(.# #..WYY...............
.....# #.#####..####...#####
.....# #.# #..# #...# ...).# #.#
###..####...### .....# #.#
#.............# ...[.# #.#
#.#.....[.....# .....# #.#
#.....#.......# ...[.# #.#
#..............
.....########.###.†....>.....#.##


You could see a death yak and a wraith.

Vanquished Creatures
  Harold (D:10)
  2 death yaks (D:10)
  Maurice (D:10)
  Grinder (D:5)
  Prince Ribbit (D:6)
  A shadow (D:9)
  A wraith (D:9)
  A wyvern (D:8)
  3 yaks (D:9)
  A steam dragon (D:10)
  Edmund (D:5)
  4 water moccasins
  An orc warrior (D:9)
  A sky beast (D:5)
  2 black bears
  An ice beast (D:5)
  2 necrophages
  An ogre (D:6)
  5 centaurs
  3 bullfrogs
  A kobold brigand (D:8)
  2 scorpions (D:4)
  A wyvern skeleton (D:5)
  13 wights
  A howler monkey (D:4)
  8 centaur zombies
  4 jellies
  4 hounds
  A centaur skeleton (D:6)
  8 orc priests
  3 iguanas
  7 orc wizards
  A scorpion zombie (D:5)
  A hell rat (D:10)
  A killer bee zombie (D:5)
  A hound skeleton (D:3)
  2 howler monkey zombies
  4 adders
  A river rat (D:10)
  2 white imps
  4 dart slugs
  17 orcs
  7 ball pythons
  4 endoplasms
  5 giant cockroaches
  A goblin (D:2)
  9 hobgoblins
  10 jackals
  4 quokkas
  3 bats (D:1)
  A frilled lizard (D:1)
  15 kobolds
  10 rats
190 creatures vanquished.

Notes
Turn   | Place    | Note
-------+----------+-------------------------------------------
     0 | D:1      | 1player the Octopode Transmuter began the quest for the
                  | Orb.
     0 | D:1      | Reached XP level 1. HP: 13/13 MP: 3/3
   331 | D:1      | Reached XP level 2. HP: 8/18 MP: 1/5
   592 | D:1      | Found a faded altar of an unknown god.
   778 | D:1      | Learned a level 2 spell: Wereblood
   854 | D:1      | Found Ulacam Asse's Book Shoppe.
  1246 | D:1      | Reached XP level 3. HP: 19/24 MP: 4/6
  1324 | D:1      | Found Xeotzelu's Antique Weapon Shop.
  1435 | D:1      | Found Bydes's Antique Armour Boutique.
  1858 | D:1      | Found Xowixuiklo's Antique Weapon Shoppe.
  2205 | D:2      | Reached XP level 4. HP: 13/30 MP: 5/7
  2976 | D:2      | Learned a level 3 spell: Spider Form
  3807 | D:4      | Reached XP level 5. HP: 13/36 MP: 8/8
  3942 | D:4      | Reached XP level 6. HP: 43/43 MP: 5/9
  4015 | D:4      | Reached skill level 3 in Dodging
  4326 | D:5      | Entered Level 5 of the Dungeon
  4342 | D:4      | Reached skill level 1 in Stealth
  4404 | D:5      | Reached XP level 7. HP: 39/48 MP: 10/10
  4551 | D:5      | Reached skill level 1 in Ice Magic
  4745 | D:5      | Noticed Edmund
  4759 | D:5      | Killed Edmund
  4760 | D:5      | Reached skill level 4 in Dodging
  4760 | D:5      | Reached skill level 5 in Unarmed Combat
  4803 | D:5      | Reached XP level 8. HP: 24/54 MP: 5/11
  5086 | D:5      | Found a white marble altar of Elyvilon.
  5130 | D:5      | Noticed Grinder
  5133 | D:5      | Paralysed by Grinder for 2 turns
  5139 | D:5      | Paralysed by Grinder for 5 turns
  5147 | D:5      | Killed Grinder
  5148 | D:5      | Reached skill level 5 in Stealth
  5579 | D:6      | Noticed Maggie
  5640 | D:6      | Found a glowing silver altar of Zin.
  5707 | D:5      | Reached skill level 5 in Dodging
  5974 | D:6      | Found an ornate altar of the Wu Jian Council.
  5980 | D:6      | Noticed a spectral centipede
  5980 | D:6      | Noticed a spectral black mamba
  5981 | D:6      | Became a worshipper of the Wu Jian Council
  6027 | D:6      | Noticed Prince Ribbit
  6040 | D:6      | Killed Prince Ribbit
  6041 | D:6      | Reached XP level 9. HP: 60/60 MP: 9/12
  6070 | D:6      | Learned a level 4 spell: Ice Form
  6190 | D:6      | Reached skill level 5 in Fighting
  6190 | D:6      | Reached skill level 5 in Transmutations
  6233 | D:6      | Found a staircase to the Ecumenical Temple.
  6239 | Temple   | Entered the Ecumenical Temple
  6578 | D:6      | Reached skill level 6 in Dodging
  7139 | D:7      | Reached * piety under Wu Jian
  7855 | D:8      | Reached XP level 10. HP: 64/68 MP: 9/13
  7965 | D:8      | Found a transporter.
  7969 | D:8      | Found a bloodstained altar of Trog.
  7969 | D:8      | Noticed a tengu warrior
  7970 | D:8      | Found a transporter.
  7980 | D:8      | Noticed a moth of wrath
  8136 | D:8      | Noticed Joseph
  8143 | D:8      | Noticed ma3's ghost (novice OpTm)
  8348 | D:9      | Reached skill level 7 in Dodging
  8354 | D:9      | Found a flagged portal.
  8359 | D:9      | Identified the +8 spear of Uncomfortable Rashes {vorpal,
                  | *Rage rPois Int+3}
  8362 | Bailey   | Entered a bailey
  8549 | Bailey   | HP: 1/82 [orc/bolt (11)]
  9511 | D:10     | Entered Level 10 of the Dungeon
  9515 | D:10     | Noticed a gargoyle
  9561 | D:10     | Reached skill level 1 in Air Magic
  9668 | D:10     | Noticed Harold
  9672 | D:10     | Noticed a death yak
  9742 | D:10     | Killed a death yak
  9743 | D:10     | Reached skill level 8 in Dodging
  9801 | D:10     | Noticed Erolcha
  9850 | D:10     | Found a sparkling altar of Nemelex Xobeh.
  9977 | D:10     | Reached ** piety under Wu Jian
  9988 | D:10     | Found a staircase to the Lair.
  9998 | D:10     | Identified the +6 hand crossbow of Filigreed Fortitude
                  | {flame, Contam rElec rPois Str+6}
 10009 | D:10     | Noticed a death yak
 10036 | D:10     | Noticed Maurice
 10053 | D:10     | Killed Maurice
 10187 | D:10     | Killed Harold
 10188 | D:10     | Reached XP level 11. HP: 44/78 MP: 11/14
 10358 | D:10     | Noticed a death yak
 10399 | D:10     | Killed a death yak
 10400 | D:10     | Reached skill level 9 in Dodging
 10404 | D:10     | HP: 2/93 [death yak (25)]
 10405 | D:10     | Slain by a death yak

Illustrated notes

Levels and vault maps discovered:
D:1:      dpeg_arrival_round_a, layout_loops_corners, basic_ecumenical_altar,
          serial_shops, nicolae_shop_behind_doors, shop, shop_coins,
          nicolae_shop_waterfront, minmay_close_crescents
D:2:      layout_loops_ring
D:3:      layout_rooms, grunt_ministairs_8
D:4:      layout_basic, feat_on_display
D:5:      layout_basic, pf_just_have_faith, uniq_grinder, uniq_edmund
D:6:      layout_rooms, pdpol_wu_jian_five_deadly_venoms, zin_academy,
          minmay_temple_entry_hall, serial_curves, eino_curves_01,
          eino_curves_02, uniq_prince_ribbit1, uniq_maggie
D:7:      layout_loops_ring
D:8:      layout_basic, gammafunk_ghost_wrathful_warriors,
          chequers_serial_rivers_micro_a, grunt_ministairs_6, uniq_joseph
D:9:      layout_roguey, enter_bailey_2, hangedman_abyss_or_decor_stagger
D:10:     layout_small_grid, nemelex_spade_bored_becter, dpeg_lair_monsters,
          chequers_serial_rivers_large_a, uniq_maurice, uniq_erolcha,
          uniq_harold
Temple:   eino_narrow_crystal_temple

Skill      XL: |  1  2  3  4  5  6  7  8  9 10 11 |
---------------+----------------------------------+-----
Fighting       | 2 3 4 6 8 |  8.8
Transmutations | 3 4 5 6 |  6.0
Unarmed Combat | 4 5 6 7 8 |  8.0
Dodging        | 3 4 5 6 8 9 |  9.1
Stealth        | 1 3 5 6 |  6.0
Ice Magic      | 2 3 4 |  4.0
Air Magic      | 2 |  2.8
Spellcasting   | |  2.0

Action                   |  1- 3 |  4- 6 |  7- 9 | 10-12 || total
-------------------------+-------+-------+-------+-------++-------
Melee: Unarmed           |    91 |    83 |   185 |   147 ||   506
       Constrict         |    27 |    18 |    15 |     3 ||    63
       Kick              |     9 |     1 |    18 |     5 ||    33
       Tentacles         |    13 |    11 |    25 |     9 ||    58
       Punch             |     1 |     2 |     8 |     1 ||    12
 Cast: Beastly Appendage |    15 |     5 |    17 |     3 ||    40
       Wereblood         |     2 |     1 |     2 |     2 ||     7
       Spider Form       |       |     5 |    11 |     5 ||    21
       Ice Form          |       |       |     4 |    13 ||    17
Invok: Lunge             |       |       |    14 |    14 ||    28
       Whirlwind         |       |       |     1 |    16 ||    17
  Use: Scroll            |       |     8 |     8 |     5 ||    21
       Potion            |       |     1 |     1 |     4 ||     6
 Stab: Sleeping          |     7 |     6 |    12 |     6 ||    31
       Distracted        |       |       |     1 |       ||     1
Armor: Skin              |     6 |     5 |    11 |    10 ||    32
Dodge: Dodged            |    61 |    61 |   155 |   102 ||   379

Table legend: (Time is in decaauts)
 A = Elapsed time spent in this place.
 B = Non-inter-level travel time spent in this place.
 C = Inter-level travel time spent in this place.
 D = Time resting spent in this place.
 E = Time spent auto-exploring this place.
 F = Levels seen in this place.
 G = Mean time per level.
                   A        B        C        D        E       F      G
               +--------+--------+--------+--------+--------+-----+--------+
         Total |  10376 |   9899 |    477 |   2489 |   4570 |  12 |  864.7 |
       Dungeon |   9988 |   9524 |    464 |   2329 |   4387 |  10 |  998.8 |
        Temple |    197 |    184 |     13 |      0 |    183 |   1 |  197.0 |
        Bailey |    190 |    190 |      0 |    160 |      0 |   1 |  190.0 |
               +--------+--------+--------+--------+--------+-----+--------+

Top non-repeatable levels by time:
     D:1: 1970 daAuts
     D:5: 1339 daAuts
     D:9: 1149 daAuts
     D:8: 1087 daAuts
     D:2: 969 daAuts
     D:3: 812 daAuts
    D:10: 721 daAuts
     D:6: 687 daAuts
     D:7: 647 daAuts
     D:4: 603 daAuts
  Temple: 197 daAuts
  Bailey: 190 daAuts
